 Dungeon Crawl Stone Soup version 0.17-a0-910-ga669010 (webtiles) character file.

56 xeno23 the Skirmisher (level 3, 0/33 HPs)
             Began as a Demonspawn Abyssal Knight on May 2, 2015.
             Was a Believer of Lugonu.
             Succumbed to an adder's poison
             ... on level 3 of the Dungeon.
             The game lasted 00:05:39 (1965 turns).

xeno23 the Skirmisher (Demonspawn Abyssal Knight)   Turns: 1965, Time: 00:05:40

Health: 0/33       AC:  5    Str: 17    XL:     3   Next: 69%
Magic:  4/4        EV: 18    Int: 11    God:    Lugonu [**....]
Gold:   25         SH:  2    Dex: 20    Spells: 0 memorised, 2 levels left

rFire  + . .     SeeInvis .     d - +2 whip (elec)
rCold  + . .     Clarity  .     b - +0 leather armour
rNeg   . . .     SustAb   .     (no shield)
rPois  +         Gourm    .     (no helmet)
rElec  +         Spirit   .     (no cloak)
rCorr  +         Warding  .     (no gloves)
rMut   .         Stasis   .     (no boots)
MR     .....                    (no amulet)
Stlth  +++.......               (no ring)
                                (no ring)

@: mighty, agile, lethally poisoned (0 -> -2), resistant, very slightly
contaminated, slowed, invisible, very slow, not resistant to hostile
enchantments, fairly stealthy
A: claws 1, large bone plates 1, agile 1, dopey 1, robust 1
a: Depart the Abyss, Bend Space, Renounce Religion


You were on level 3 of the Dungeon.
You worshipped Lugonu.
Lugonu was pleased with you.
You were hungry.

You visited 1 branch of the dungeon, and saw 3 of its levels.
You visited the Abyss 1 time.

You collected 25 gold pieces.

Inventory:

Hand weapons
 a - a +1 falchion
 d - a +2 whip of electrocution (weapon)
Armour
 b - a +0 leather armour (worn)
Magical devices
 n - a wand of digging (20)
Scrolls
 j - a scroll of identify
Comestibles
 c - 2 bread rations
 f - a beef jerky
 m - 2 meat rations
 r - a chunk of flesh


   Skills:
 + Level 3.9 Fighting
 - Level 1.7 Long Blades
 - Level 1.7 Armour
 + Level 2.3 Dodging
 - Level 2.4 Invocations


You had 2 spell levels left.
You didn't know any spells.

Dungeon Overview and Level Annotations

Branches:
Dungeon (3/15)

Altars:
Ashenzari
Kikubaaqudgha

Annotations:
D:2 Sigmund


Innate Abilities, Weirdness & Mutations

You have sharp fingernails.
You are partially covered in large bone plates (AC +2, SH +2).
You are agile. (Dex +2)
You are dopey. (Int -2)
You are robust (+10% HP).


Message History

You fade into invisibility!
The adder closely misses you. The hobgoblin barely misses you.
The adder closely misses you.
You are very lightly contaminated with residual magic.
Drink which item? (? for menu, Esc to quit)
It was a potion of resistance.
You feel protected.
* * * LOW HITPOINT WARNING * * *
You feel sick. The hobgoblin misses you. The adder completely misses you.
The hobgoblin misses you. The adder misses you.
You take 1 damage.
Drink which item? (? for menu, Esc to quit)
It was a potion of might.
You feel very mighty all of a sudden. The adder completely misses you.
The hobgoblin misses you. The adder misses you.
You aren't carrying any potions.
You barely miss the adder.
The adder is severely wounded.
You die...

#.....#
#.....#
#.....#
#.....#
#.....#
#.....#
#.....#
#.S...######
#.@g$.......
#......(....
###.##.....
#.# .....
#.# .... ..#
## ... ...
...


You could see an adder and a hobgoblin.

Vanquished Creatures
  2 adders (D:2)
  An ooze (D:2)
  2 giant geckos
  2 giant cockroaches
  4 goblins
  A hobgoblin (D:1)
  4 jackals
  4 kobolds
  A quokka (D:2)
  A bat (D:1)
  4 giant newts
  6 rats
32 creatures vanquished.

Notes
Turn   | Place    | Note
--------------------------------------------------------------
     0 | Abyss:1  | xeno23, the Demonspawn Abyssal Knight, began the quest for the Orb.
     0 | Abyss:1  | Reached XP level 1. HP: 18/18 MP: 2/2
    23 | D:1      | Escaped the Abyss
   147 | D:1      | Reached skill level 1 in Dodging
   483 | D:1      | Gained mutation: You have sharp fingernails. [demonic ancestry]
   483 | D:1      | Reached XP level 2. HP: 24/24 MP: 3/3
   893 | D:2      | Found an ancient bone altar of Kikubaaqudgha.
   922 | D:2      | Acquired Lugonu's second power
  1190 | D:2      | Noticed Sigmund
  1324 | D:2      | Gained mutation: You are partially covered in large bone plates (AC +2, SH +2). [demonic ancestry]
  1324 | D:2      | Reached XP level 3. HP: 14/30 MP: 4/4
  1696 | D:2      | Found a shattered altar of Ashenzari.
  1961 | D:3      | Gained mutation: You are dopey. (Int -2) [potion of mutation]
  1961 | D:3      | Gained mutation: You are robust (+10% HP). [potion of mutation]
  1961 | D:3      | Gained mutation: You are agile. (Dex +2) [potion of mutation]
  1963 | D:3      | HP: 1/33 [poisoned by an adder]
  1965 | D:3      | Succumbed to an adder's poison

Action                   || total
-------------------------++-------
Melee: Whip              ||   136
  Use: Scroll            ||     4
       Potion            ||     5
  Eat: Chunk             ||     3
